 Dungeon Crawl Stone Soup version 0.32-a0-918-g0f22ef8d61 (webtiles) character file.

Game seed: 2329470623854300757

137 horus123 the Magician (level 5, -9/38 HPs)
             Began as a Mountain Dwarf Earth Elementalist on Apr 11, 2024.
             Mangled by a sleepcap (12 damage)
             ... on level 4 of the Dungeon.
             The game lasted 00:04:48 (3243 turns).

horus123 the Magician (MDEE)                        Turns: 3243, Time: 00:04:49

Health: -9/38      AC:  4    Str: 10    XL:     5   Next: 0%
Magic:  2/11       EV:  2    Int: 18    God:
Gold:   188        SH:  0    Dex: 10    Spells: 11/12 levels left

rFire   . . .        n - +0 war axe
rCold   . . .        (no shield)
rNeg    . . .        d - +0 leather armour
rPois   .            (no helmet)
rElec   .            r - +0 cloak
rCorr   .            (no gloves)
SInv    .            (no boots)
Will    +....        (no amulet)
Stlth   +            j - ring of willpower
HPRegen 0.26/turn    (no ring)
MPRegen 0.12/turn

%: no passive effects
@: sleeping, very slightly contaminated
A: runic magic, artefact enchanting
a: no special abilities


You were on level 4 of the Dungeon.
You visited 1 branch of the dungeon, and saw 4 of its levels.

You collected 188 gold pieces.

Inventory:

Hand Weapons
 n - a +0 war axe (weapon)
Armour
 d - a +0 leather armour (worn)
 g - a +0 plate armour
 r - a +0 cloak (worn)
 t - a +0 ring mail
Jewellery
 j - a ring of willpower (left hand)
Wands
 i - a wand of iceblast (10)
 q - a wand of acid (5)
Scrolls
 c - 6 scrolls of identify {unknown}
 f - 2 scrolls of noise {unknown}
 h - a scroll of blinking {unknown}
 k - a scroll of immolation {unknown}
 l - a scroll of revelation {unknown}
 p - a scroll of fog {unknown}
 s - a scroll of amnesia {unknown}
Potions
 a - a potion of degeneration {unknown}
 b - 2 potions of magic
 e - 5 potions of curing {unknown}
 m - 2 potions of heal wounds {unknown}
 o - a potion of enlightenment {unknown}


   Skills:
 + Level 2.1 Armour
 - Level 1.3 Dodging
 - Level 1.4 Stealth
 - Level 4.0 Spellcasting
 - Level 0.8 Conjurations
 - Level 3.2 Earth Magic


You had 11 spell levels left.
You knew the following spells:

 Your Spells              Type           Power      Damage    Failure   Level
a - Sandblast             Erth           30%        2d9       4%          1

Your spell library contained the following spells:

 Spells                   Type           Power      Damage    Failure   Level
 Passwall                 Erth           15%        N/A       12%         3
 Necrotise                Necr           12%        1d4       16%         1
 Stone Arrow              Conj/Erth      22%        3d8       21%         3
 Vampiric Draining        Necr           3%         2d6       43%         3
 Brom's Barrelling Bould  Conj/Erth      11%        2d3       56%         4
 Petrify                  Alch/Erth      9%         N/A       63%         4
 Martyr's Knell           Necr/Summ      3%         N/A       83%         4
 Curse of Agony           Necr           3%         N/A       99%         5
 Summon Forest            Summ/Tloc      1%         N/A       99%         5
 Summon Mana Viper        Hex/Summ       3%         N/A       99%         5
 Summon Cactus Giant      Summ           1%         N/A       100%        6


Dungeon Overview and Level Annotations

Branches:
Dungeon (4/15)
 Temple: D:4-7

Altars:

Shops:
D:3 ?

Annotations:
D:3 3 runed translucent doors, zazu2006's ghost, amateur GnWn


Innate Abilities, Weirdness & Mutations

Your spellcasting is much less encumbered by armour.
You can use scrolls of enchantment on lesser artefacts.


Message History

The sleepcap is severely damaged.
The sleepcap closely misses you. The sleepcap misses you.
Aiming: Sandblast (safe; 4% risk of failure)
Press: ? - help, Q - select action, (/) - cycle Shift-Dir - straight line, f/p - sleepcap
Aim: a sleepcap (severely damaged, 100% to hit)
The blast of sand hits the sleepcap but does no damage.
The sleepcap is severely damaged.
The sleepcap releases spores at you.
Aiming: Sandblast (safe; 4% risk of failure)
Press: ? - help, Q - select action, (/) - cycle Shift-Dir - straight line, f/p - sleepcap
Aim: a sleepcap (severely damaged, 100% to hit)
The blast of sand hits the sleepcap but does no damage.
The sleepcap is severely damaged.
The sleepcap barely misses you. The sleepcap releases spores at you.
Aiming: Sandblast (safe; 4% risk of failure)
Press: ? - help, Q - select action, (/) - cycle Shift-Dir - straight line, f/p - sleepcap
Aim: a sleepcap (heavily damaged, 100% to hit)
You miscast Sandblast.
You are very lightly contaminated with residual magic.
Nothing appears to happen.
The sleepcap releases spores at you but does no damage.
Unknown command.
You hit the sleepcap.
The sleepcap is severely damaged.
The sleepcap barely misses you.
You hit the sleepcap but do no damage.
The sleepcap is severely damaged.
The sleepcap completely misses you.
You hit the sleepcap.
The sleepcap is almost destroyed.
A hound comes into view.
The sleepcap releases spores at you!
* * * LOW HITPOINT WARNING * * *
The sleepcap releases spores at you.
* * * LOW HITPOINT WARNING * * *
You are engulfed in a cloud of soporific spores!
You fall asleep.
The hound barks!
The sleepcap releases spores at you!
You die...

###
#.###############
#...............#
#.#############.#
#@# #.# #f# #.#
........# #.#
####..... #.#
#......
#######.##
#..h.$..
#.........
#........
#.######.#
#......... #.#
#.#
#..........#.#
#.#


You could see a sleepcap and a hound.

Vanquished Creatures
  A jelly (D:3)
  Robin (D:2)
  3 adders
  3 dart slugs
  An orc (D:3)
  6 endoplasms
  2 giant cockroaches
  10 goblins
  5 hobgoblins
  3 jackals
  7 kobolds
  3 quokkas
  6 ball pythons
  4 bats
  A frilled lizard (D:1)
  2 rats
58 creatures vanquished.

Notes
Turn   | Place    | Note
-------+----------+-------------------------------------------
     0 | D:1      | horus123 the Mountain Dwarf Earth Elementalist began the
                  | quest for the Orb.
     0 | D:1      | Reached XP level 1. HP: 14/14 MP: 3/3
    59 | D:1      | Reached skill level 2 in Spellcasting
   223 | D:1      | Reached XP level 2. HP: 20/20 MP: 1/5
  1180 | D:2      | Noticed Robin
  1183 | D:2      | Reached skill level 3 in Spellcasting
  1184 | D:2      | Reached XP level 3. HP: 23/26 MP: 3/7
  1188 | D:2      | Killed Robin
  1927 | D:3      | Found Jept's Magic Scroll Emporium.
  1959 | D:3      | Reached XP level 4. HP: 33/33 MP: 6/9
  2392 | D:3      | Reached skill level 4 in Spellcasting
  2392 | D:3      | Reached skill level 1 in Armour
  2508 | D:3      | Found a runed translucent gate.
  2509 | D:3      | Found a runed translucent gate.
  2510 | D:3      | Found a runed translucent gate.
  2512 | D:3      | Noticed a kobold brigand
  2513 | D:3      | Noticed zazu2006's ghost (amateur GnWn)
  3110 | D:4      | Reached XP level 5. HP: 38/38 MP: 9/11
  3243 | D:4      | Mangled by a sleepcap

Illustrated notes

Levels and vault maps discovered:
D:1:      lightli_arrival_maybe_door_vault, layout_basic, serial_park_tiny_1
D:2:      layout_rooms, uniq_robin
D:3:      layout_loops_ring, serial_shops, shop, gammafunk_ghost_nasty_kobolds,
          minmay_ruptured
D:4:      layout_basic

Skill      XL: |  1  2  3  4 |
---------------+-------------+-----
Spellcasting   | 2 3 4 |  4.0
Armour         | 2 |  2.1
Dodging        | |  1.3
Stealth        | |  1.4
Conjurations   | |  0.8
Earth Magic    | |  3.2

Action                     |  1- 3 |  4- 6 || total
---------------------------+-------+-------++-------
  Melee: Quarterstaff      |    12 |       ||    12
         War axe           |       |     3 ||     3
   Cast: Sandblast         |    57 |    37 ||    94
 Armour: Robe              |     4 |       ||     4
         Leather armour    |    17 |    17 ||    34
  Dodge: Dodged            |    12 |    13 ||    25

Table legend: (Time is in decaauts)
 A = Elapsed time spent in this place.
 B = Non-inter-level travel time spent in this place.
 C = Inter-level travel time spent in this place.
 D = Time resting spent in this place.
 E = Time spent auto-exploring this place.
 F = Levels seen in this place.
 G = Mean time per level.
                   A        B        C        D        E       F      G
               +--------+--------+--------+--------+--------+-----+--------+
         Total |   3292 |   3138 |    154 |     62 |   2606 |   4 |  823.0 |
       Dungeon |   3292 |   3138 |    154 |     62 |   2606 |   4 |  823.0 |
               +--------+--------+--------+--------+--------+-----+--------+

Top non-repeatable levels by time:
     D:3: 1180 daAuts
     D:1: 954 daAuts
     D:2: 727 daAuts
     D:4: 430 daAuts
